 Dungeon Crawl Stone Soup version 0.28-a0-563-gf77a47075d (webtiles) character file.

Game seed: 4103891045489372559

1632 bande the Chopper (level 8, 0/49 HPs)
             Began as a Gargoyle Fighter on Sept 30, 2021.
             Slain by Prince Ribbit (2 damage)
             ... on level 6 of the Dungeon.
             The game lasted 00:12:21 (5824 turns).

bande the Chopper (Gargoyle Fighter)                Turns: 5824, Time: 00:12:21

Health: 0/49       AC: 17    Str: 28    XL:     8   Next: 98%
Magic:  8/8        EV: 12    Int: 10    God:
Gold:   156        SH:  9    Dex:  8    Spells: 7/7 levels left

rFire   . . .      SeeInvis .   a - +1 war axe (vorpal)
rCold   . . .      Faith    .   c - +0 buckler
rNeg    + . .      Spirit   .   d - +0 chain mail
rPois   ∞          Reflect  +   (helmet restricted)
rElec   +          Harm     .   v - +0 cloak
rCorr   .          Rampage  .   (no gloves)
Will    .....                   (no boots)
Stlth   ..........              k - amulet of reflection
HPRegen 0.16/turn               h - +4 ring of evasion
MPRegen 0.11/turn               x - +6 ring of strength

@: no status effects
A: sickness immunity, AC +5, negative energy resistance 1, electricity
resistance, torment resistance 1, petrification resistance, beak, talons 1,
clever 1, clumsy 1
a: no special abilities


You were on level 6 of the Dungeon.
You visited 1 branch of the dungeon, and saw 6 of its levels.
You also visited: Sewer.

You collected 264 gold pieces.
You spent 108 gold pieces at shops.

Inventory:

Hand Weapons
 a - a +1 vorpal war axe (weapon)
 w - a +0 flail
Armour
 c - a +0 buckler (worn)
 d - a +0 chain mail (worn)
 l - a +0 helmet
 v - a +0 cloak (worn)
Jewellery
 h - a +4 ring of evasion (left hand)
 k - an amulet of reflection (around neck)
 x - a +6 ring of strength (right hand)
Wands
 j - a wand of paralysis (8)
 m - a wand of mindburst (14)
 r - a wand of flame (13)
 u - a wand of polymorph (5)
Scrolls
 p - a scroll of enchant weapon
 q - a scroll of fog
 t - a scroll of magic mapping
 y - a scroll of teleportation
Potions
 b - 2 potions of flight
 e - 2 potions of curing
 f - 2 potions of ambrosia
 g - a potion of heal wounds
 i - 2 potions of might
 n - 2 potions of haste


   Skills:
 + Level 5.0 Fighting
 + Level 7.0 Axes
 + Level 6.1 Armour
 - Level 0.5 Stealth
 + Level 4.7 Shields
 * Level 4.0 Evocations


You had 7 spell levels left.
You didn't know any spells.
Your spell library contained the following spells:

 Spells                   Type           Power      Damage    Failure   Level
 Beastly Appendage        Tmut           0%         N/A       88%         1
 Pain                     Necr           0%         1d4       88%         1
 Corpse Rot               Necr/Air       N/A        N/A       96%         2
 Wereblood                Tmut           0%         N/A       96%         2
 Spider Form              Tmut/Pois      0%         N/A       99%         3
 Conjure Ball Lightning   Conj/Air       0%         3x3d6     100%        6


Dungeon Overview and Level Annotations

Branches:
Dungeon (6/15)             Temple (0/1) D:6           Sewer (visited)

Altars:
Cheibriados
Elyvilon
Fedhas

Shops:
D:3 *:::   D:4 !![(

Annotations:
D:6 Prince Ribbit


Innate Abilities, Weirdness & Mutations

You are immune to sickness and miasma.
Your stone body is resilient. (AC +5)
You are immune to poison.
You resist negative energy. (rN+)
You are resistant to electric shocks. (rElec)
You are resistant to unholy torment.
You are immune to petrification.
You have a beak for a mouth.
You have sharp toenails.
Your mind is acute. (Int +2)
You are clumsy. (Dex -2)


Message History

Prince Ribbit hits you.
Prince Ribbit blinks!
A water moccasin skeleton comes into view.
Prince Ribbit asks, "Just a little smooch?"
Found 10 gold pieces.
You block the water moccasin skeleton's attack.
The water moccasin skeleton closely misses you.
You closely miss the water moccasin skeleton.
You claw the water moccasin skeleton.
The water moccasin skeleton is lightly damaged.
The water moccasin skeleton bites you but does no damage.
You barely miss the water moccasin skeleton.
Your peck misses the water moccasin skeleton.
The water moccasin skeleton is lightly damaged.
You block the water moccasin skeleton's attack.
Your chain mail prevents you from hitting the water moccasin skeleton.
Your kick misses the water moccasin skeleton.
Your peck misses the water moccasin skeleton.
The water moccasin skeleton is lightly damaged.
You barely miss Prince Ribbit.
Prince Ribbit hits you but does no damage.
The water moccasin skeleton barely misses you.
You block Prince Ribbit's attack.
The water moccasin skeleton closely misses you.
You slash the water moccasin skeleton! You claw the water moccasin skeleton!
The water moccasin skeleton is almost destroyed.
You barely miss Prince Ribbit. Prince Ribbit hits you.
You block the water moccasin skeleton's attack.
You block Prince Ribbit's attack.
Unknown command.
You slash the water moccasin skeleton!
You destroy the water moccasin skeleton!
You closely miss Prince Ribbit. Prince Ribbit hits you!
* * * LOW HITPOINT WARNING * * *
Your Fighting skill increases to level 5!
Your Axes skill increases to level 7!
Your Evocations skill increases to level 4!
You slash Prince Ribbit! Your kick misses Prince Ribbit.
Prince Ribbit is moderately wounded.
Prince Ribbit hits you.
You die...

,* *,**,**,,****,*,*,,*
*,,,* ,*
#.....,....#*.#,,.$*
**+**
,**###....#*..#.##.###..*
*,**
...,......##..#........#*
**,*
..####..[..............#
*,**
............#*#........#
**,*
............###........#
**,**
......).....#...$......#
**,,,*
..####...).....F@......#
*,,,,*
.....[...##.#..........#
*,,,,*
...###...##.##.#########
*,,,,* )..# #......##.#
*,,,** ...#
#########.#*** *,,**
...## #..,,* *,** ....#
###*,* *****,* .<..#
*,******,,,,,*
###.#*********
*,,,,,,,,*****


You could see Prince Ribbit.

Vanquished Creatures
  Sigmund (D:2)
  An orc warrior (D:5)
  Purgy (Sewer)
  An ice beast (D:5)
  An ogre (D:4)
  3 centaurs
  A bullfrog (D:6)
  A scorpion (D:5)
  3 water moccasin zombies (D:5)
  A water moccasin skeleton (D:6)
  A jelly (D:6)
  A centaur skeleton (D:5)
  2 hounds
  A bullfrog skeleton (D:4)
  3 iguanas
  3 orc wizards (D:5)
  Natasha (thrice) (D:2)
  Robin (D:2)
  A gnoll (D:5)
  5 adders
  A shadow imp (D:5)
  2 ufetubi
  2 worms (D:2)
  2 dart slugs
  5 orcs
  9 ball pythons
  9 endoplasms
  5 giant cockroaches
  6 hobgoblins
  10 kobolds
  3 quokkas
  3 bats
  A frilled lizard (D:1)
  19 goblins
  3 rats
115 creatures vanquished.

Vanquished Creatures (others)
  7 plants (D:3)
7 creatures vanquished.

Grand Total: 122 creatures vanquished

Notes
Turn   | Place    | Note
-------+----------+-------------------------------------------
     0 | D:1      | bande the Gargoyle Fighter began the quest for the Orb.
     0 | D:1      | Reached XP level 1. HP: 14/14 MP: 1/1
    39 | D:1      | Found a faded altar of an unknown god.
   215 | D:1      | Reached XP level 2. HP: 19/19 MP: 2/2
   414 | D:1      | Reached skill level 2 in Axes
   906 | D:2      | Noticed Natasha
   910 | D:2      | Killed Natasha
   911 | D:2      | Reached XP level 3. HP: 23/23 MP: 3/3
  1052 | D:2      | Noticed Robin
  1057 | D:2      | Reached XP level 4. HP: 28/29 MP: 4/4
  1080 | D:2      | Killed Robin
  1311 | D:2      | Noticed Natasha
  1324 | D:2      | Killed Natasha
  1325 | D:2      | Reached skill level 3 in Axes
  1472 | D:2      | Noticed Natasha
  1486 | D:2      | Killed Natasha
  1487 | D:2      | Reached XP level 5. HP: 20/33 MP: 5/5
  1831 | D:2      | Noticed Sigmund
  1848 | D:2      | Killed Sigmund
  1849 | D:2      | Reached skill level 4 in Axes
  1849 | D:2      | Reached skill level 1 in Evocations
  1849 | D:2      | Reached XP level 6. HP: 4/38 MP: 6/6
  2385 | D:3      | Found a blossoming altar of Fedhas.
  2397 | D:3      | Found Deafen's General Store.
  2761 | D:3      | Found Haffi's Book Boutique.
  2912 | D:3      | Found Jahesas's Book Shoppe.
  2914 | D:3      | Found Uthohun's Book Shop.
  2996 | D:3      | Found a snail-covered altar of Cheibriados.
  2996 | D:3      | Found a white marble altar of Elyvilon.
  3238 | D:4      | Found Xempar's Distillery.
  3251 | D:4      | Reached skill level 5 in Axes
  3251 | D:4      | Reached XP level 7. HP: 26/43 MP: 7/7
  3374 | D:4      | Bought a potion of degeneration for 12 gold pieces
  3377 | D:4      | Bought 2 potions of might for 96 gold pieces
  3380 | D:4      | Found Lidaich's Armour Boutique.
  3627 | D:4      | Found Kesam's Antique Weapon Boutique.
  3673 | D:4      | Found Xishets's Distillery.
  3871 | D:4      | Noticed a wyvern
  3872 | D:5      | Entered Level 5 of the Dungeon
  3913 | D:5      | Found a glowing drain.
  3921 | Sewer    | Entered a sewer
  3965 | Sewer    | Noticed Purgy
  3974 | Sewer    | Killed Purgy
  4252 | D:5      | Reached skill level 5 in Armour
  4272 | D:5      | Reached XP level 8. HP: 22/48 MP: 8/8
  4470 | D:5      | Got Lin Guklyc's Guide on Feathery Unholy Secrets
  4535 | D:5      | Reached skill level 6 in Axes
  5640 | D:6      | Gained mutation: Your mind is acute. (Int +2) [potion of
                  | mutation]
  5640 | D:6      | Gained mutation: You have sharp toenails. [potion of
                  | mutation]
  5640 | D:6      | Gained mutation: You are clumsy. (Dex -2) [potion of
                  | mutation]
  5640 | D:6      | Gained mutation: You have a beak for a mouth. [potion of
                  | mutation]
  5794 | D:6      | Noticed Prince Ribbit
  5823 | D:6      | HP: 2/48 [Prince Ribbit (14)]
  5824 | D:6      | Reached skill level 5 in Fighting
  5824 | D:6      | Reached skill level 7 in Axes
  5824 | D:6      | Slain by Prince Ribbit

Illustrated notes

Levels and vault maps discovered:
D:1:      dpeg_arrival_arbitrary_c, layout_basic,
          dreamdust_ecumenical_altar_hidden_monk_grotto,
          minmay_misc_feat_encased
D:2:      layout_basic, uniq_natasha, uniq_sigmund, uniq_robin
D:3:      layout_rooms, mainiacjoe_overflow_chevrons,
          gammafunk_temple_overflow_statue, serial_bayou, serial_bayou_ford_a,
          serial_bayou_pond_a, serial_bayou_pond_a, serial_bayou_lagoon_a,
          serial_shops, nicolae_shop_window_shopping, shop,
          nicolae_diamond_shop, shop, minmay_randomly_rotated_circles
D:4:      layout_cave_pools, serial_shops, nicolae_shop_trees,
          nicolae_shop_stone, shop_fountains, nicolae_shop_behind_doors,
          kennysheep_small_circle
D:5:      minmay_inner_zag, layout_basic, portal_sewer_entry_e,
          kennysheep_cross_bottleneck, kennysheep_generic_room_15
D:6:      layout_loops_cross, minmay_temple_entry_slanted,
          uniq_crazy_yiuf_cottage, uniq_prince_ribbit1, uniq_edmund

Skill      XL: |  1  2  3  4  5  6  7  8 |
---------------+-------------------------+-----
Axes           | 2 3 4 5 7 |  7.0
Fighting       | 4 5 |  5.0
Armour         | 4 5 6 |  6.1
Evocations     | 1 2 4 |  4.0
Shields        | 4 |  4.7
Stealth        | |  0.5

Action                   |  1- 3 |  4- 6 |  7- 9 || total
-------------------------+-------+-------+-------++-------
Melee: War axe           |    75 |   113 |   163 ||   351
       Kick              |       |       |     5 ||     5
  Use: Scroll            |     3 |     4 |     8 ||    15
       Potion            |       |     1 |     2 ||     3
Armor: Scale mail        |    49 |    48 |     3 ||   100
       Chain mail        |       |       |    95 ||    95
Dodge: Dodged            |    36 |    66 |   110 ||   212
Block: Buckler           |    17 |    23 |    49 ||    89
       Reflection        |       |       |     4 ||     4

Table legend: (Time is in decaauts)
 A = Elapsed time spent in this place.
 B = Non-inter-level travel time spent in this place.
 C = Inter-level travel time spent in this place.
 D = Time resting spent in this place.
 E = Time spent auto-exploring this place.
 F = Levels seen in this place.
 G = Mean time per level.
                   A        B        C        D        E       F      G
               +--------+--------+--------+--------+--------+-----+--------+
         Total |   5960 |   5834 |    126 |   1275 |   3464 |   7 |  851.4 |
       Dungeon |   5721 |   5595 |    126 |   1275 |   3277 |   6 |  953.5 |
         Sewer |    238 |    238 |      0 |      0 |    187 |   1 |  238.0 |
               +--------+--------+--------+--------+--------+-----+--------+

Top non-repeatable levels by time:
     D:2: 1605 daAuts
     D:5: 1490 daAuts
     D:1: 840 daAuts
     D:4: 816 daAuts
     D:3: 711 daAuts
     D:6: 257 daAuts
   Sewer: 238 daAuts
